 Dungeon Crawl Stone Soup version 0.22.1-6-g1668fe2 (webtiles) character file.

101 dengdeng the Slasher (level 4, -4/41 HPs)
             Began as a Minotaur Berserker on Jan 28, 2019.
             Was a Believer of Trog.
             Slain by an orc
             ... wielding a +0 dagger
              (7 damage)
             ... on level 2 of the Dungeon.
             The game lasted 00:05:56 (1998 turns).

dengdeng the Slasher (Minotaur Berserker)           Turns: 1998, Time: 00:05:56

Health: -4/41      AC:  2    Str: 23    XL:     4   Next: 48%
Magic:  3/3        EV: 12    Int:  4    God:    Trog [**....]
Gold:   59         SH:  0    Dex:  9    Spells: 3/3 levels left

rFire    + . .     SeeInvis .   a - +0 falchion
rCold    + . .     Gourm    .   (no shield)
rNeg     . . .     Faith    .   b - +0 animal skin
rPois    .         Spirit   .   f - +0 hat
rElec    .         Reflect  .   j - scarf {rC+ rF+}
rCorr    .         Harm     .   (no gloves)
MR       .....                  (no boots)
Stlth    +.........             (no amulet)
HPRegen  0.13/turn              (no ring)
MPRegen  0.08/turn              (no ring)

@: no status effects
A: retaliatory headbutt, horns 2
a: Berserk, Trog's Hand, Renounce Religion


You were on level 2 of the Dungeon.
You worshipped Trog.
Trog was pleased with you.
You were not hungry.

You visited 1 branch of the dungeon, and saw 3 of its levels.

You collected 59 gold pieces.

Inventory:

Hand Weapons
 a - a +0 falchion (weapon)
Missiles
 e - 50 stones (quivered)
Armour
 b - a +0 animal skin (worn)
 f - a +0 hat (worn)
 j - a scarf of resistance (worn)
Scrolls
 d - 2 scrolls of remove curse {unknown}
 g - a scroll of fog {unknown}
 h - a scroll of noise {unknown}
 k - 4 scrolls of identify {unknown}
 l - a scroll of fear {unknown}
Comestibles
 c - 5 rations
 i - a chunk of flesh


   Skills:
 + Level 4.4 Fighting
 * Level 5.2 Long Blades
 + Level 2.7 Armour
 + Level 2.8 Dodging


You had 3 spell levels left.
You didn't know any spells.
Your spell library was empty.

Dungeon Overview and Level Annotations

Branches:
Dungeon (3/15)

Altars:

Annotations:
D:3 1 transporter


Innate Abilities, Weirdness & Mutations

You reflexively headbutt those who attack you in melee.
You have a pair of horns on your head.


Message History

The gnoll hits you with a spear. The goblin barely misses you.
You furiously retaliate!
You headbutt the goblin. The gnoll closely misses you.
The orc closely misses you.
You riposte.
You closely miss the orc. The gnoll closely misses you.
You riposte.
You closely miss the gnoll.
The gnoll hits you from afar with a spear.
The goblin hits you but does no damage. The orc hits you but does no damage.
You climb upwards.
There is a stone staircase leading down here.
You hit the gnoll.
The gnoll is moderately wounded.
The gnoll hits you with a spear.
* * * LOW HITPOINT WARNING * * *
The orc closely misses you. You furiously retaliate!
You headbutt the orc, but do no damage. You closely miss the gnoll.
The gnoll is moderately wounded.
The gnoll hits you with a spear.
* * * LOW HITPOINT WARNING * * *
The orc hits you with a dagger!
You die...

#.#
#.....###......
#.#
#..............
#.#
#..............
#.#
#......<.......
#.#
#.....#........
#.#
##.#####.......
#.# #.#
##.##...
#.#########.#
#.#####
#....gg@o...#
#......
#############
#######


You could see a gnoll, an orc and a goblin.

Vanquished Creatures
  A worker ant (D:2)
  A gnoll (D:3)
  2 adders (D:2)
  2 dart slugs
  A leopard gecko (D:1)
  A giant cockroach (D:2)
  4 goblins
  3 hobgoblins
  2 jackals (D:1)
  10 kobolds
  2 quokkas (D:2)
  A ball python (D:1)
  6 bats
  3 frilled lizards
  7 rats
46 creatures vanquished.

Notes
Turn   | Place    | Note
-------+----------+-------------------------------------------
     0 | D:1      | dengdeng the Minotaur Berserker began the quest for the
                  | Orb.
     0 | D:1      | Reached XP level 1. HP: 19/19 MP: 0/0
   291 | D:1      | Reached XP level 2. HP: 23/27 MP: 1/1
   307 | D:1      | Reached skill level 4 in Long Blades
   735 | D:1      | Reached ** piety under Trog
   976 | D:2      | Reached XP level 3. HP: 29/33 MP: 2/2
  1457 | D:2      | Reached XP level 4. HP: 38/41 MP: 3/3
  1488 | D:2      | Reached skill level 5 in Long Blades
  1960 | D:3      | Found a transporter.
  1998 | D:2      | Slain by an orc

Skill      XL: |  1  2  3  4 |
---------------+-------------+-----
Fighting       | 4 |  4.4
Long Blades    | 4 5 |  5.2
Armour         | |  2.7
Dodging        | |  2.8

Action                   |  1- 3 |  4- 6 || total
-------------------------+-------+-------++-------
Melee: Falchion          |    66 |    24 ||    90
       Headbutt          |    10 |     5 ||    15
Throw: Stone             |    10 |     2 ||    12
 Stab: Sleeping          |       |     1 ||     1
  Eat: Chunk             |     1 |     2 ||     3
Armor: Animal skin       |    21 |     8 ||    29
Dodge: Dodged            |    58 |    27 ||    85
       Rpst.: Falchion   |    17 |     8 ||    25
